 Dungeon Crawl Stone Soup version 0.22-a0-812-g4c1e2d5471 (webtiles) character file.

12786 Mirvelgyr the Severer (level 11, -14/153 HPs)
             Began as a Minotaur Berserker on July 23, 2018.
             Was a High Priest of Trog.
             Demolished by a death yak (21 damage)
             ... on level 10 of the Dungeon.
             The game lasted 00:17:03 (11098 turns).

Mirvelgyr the Severer (Minotaur Berserker)         Turns: 11098, Time: 00:17:03

Health: -14/153    AC: 17    Str: 25    XL:     11   Next: 67%
Magic:  8/8        EV: 10    Int:  8    God:    Trog [*****.]
Gold:   119        SH:  0    Dex: 13    Spells: 10/10 levels left

rFire    . . .     SeeInvis .   v - +0 war axe
rCold    . . .     Gourm    .   (no shield)
rNeg     . . .     Faith    +   y - +0 chain mail
rPois    +         Spirit   .   (helmet restricted)
rElec    .         Reflect  .   l - +2 cloak
rCorr    .         Harm     .   (no gloves)
MR       +++..                  (no boots)
Stlth    ..........             e - amulet of faith
HPRegen  1.35/turn              z - ring "Nioqagy" {rPois Int+4}
MPRegen  0.11/turn              q - ring of protection from magic

@: berserking (expiring), regenerating, very quick
A: retaliatory headbutt, horns 2, slimy green scales 1, low mp 1, weak 1
a: Berserk, Trog's Hand, Brothers in Arms, Renounce Religion


You were on level 10 of the Dungeon.
You worshipped Trog.
Trog was extremely pleased with you.
You were near starving.

You visited 1 branch of the dungeon, and saw 10 of its levels.

You collected 527 gold pieces.
You spent 408 gold pieces at shops.

Inventory:

Hand Weapons
 v - a +0 war axe (weapon)
Armour
 l - a +2 cloak (worn)
 y - a +0 chain mail (worn)
Jewellery
 e - an amulet of faith (around neck)
 p - an uncursed ring of see invisible
 q - a ring of protection from magic (right hand)
 z - the ring "Nioqagy" (left hand) {rPois Int+4}
   (You found it on level 7 of the Dungeon)

   [ring of poison resistance]

   It affects your intelligence (+4).
   It protects you from poison.
Wands
 d - a wand of polymorph (11)
 r - a wand of digging (14)
Scrolls
 a - 2 scrolls of remove curse
 b - 2 scrolls of magic mapping
 f - 2 scrolls of identify
 g - 4 scrolls of teleportation
 i - 2 scrolls of blinking
 u - 4 scrolls of fog
 x - a scroll of enchant armour
 A - a scroll of fear
 B - a scroll of enchant weapon
Potions
 h - a potion of invisibility
 j - 4 potions of might
 k - 2 potions of heal wounds
 m - 2 potions of magic
 n - 4 potions of curing
 o - 2 potions of haste
 s - a potion of brilliance
 t - a potion of mutation
 w - a potion of cancellation
 E - a potion of resistance
Comestibles
 c - 15 rations
 C - 5 chunks of flesh


   Skills:
 + Level 11.1 Fighting
 * Level 16.1 Axes
 + Level 10.7 Armour
 - Level 2.3 Dodging


You had 10 spell levels left.
You didn't know any spells.
Your spell library was empty.

Dungeon Overview and Level Annotations

Branches:
Dungeon (10/15)            Temple (0/1) D:7            Lair (0/6) D:10
    Orc: D:9-12

Altars:
Cheibriados
The Shining One

Shops:
D:7 =   D:9 ?   D:10 [

Annotations:
D:10 Psyche


Innate Abilities, Weirdness & Mutations

You reflexively headbutt those who attack you in melee.
You have a pair of horns on your head.
You are partially covered in slimy green scales. (AC +2)
Your magical capacity is low. (-10% MP)
You are weak. (Str -2)


Message History

You slash the death yak!
You kill the death yak!
Trog accepts your kill.
Your life force feels restored.
You slice the death yak!!
Your chain mail prevents you from hitting the death yak.
The death yak gores you!!
* * * LOW HITPOINT WARNING * * *
You barely miss the death yak. You headbutt the death yak!
The death yak is moderately wounded.
You hit the death yak. The death yak misses you.
You slash the death yak!
The death yak is heavily wounded.
You slice the death yak!! You hit the death yak but do no damage.
You headbutt the death yak!
The death yak is severely wounded.
You slash the death yak!
The death yak gores you but does no damage.
The death yak gores you!!
You die...

#........#
#.#.....##.##.
#........#
#.'.....#.?###
#.†()....# ###.....'.##
#...)....# #.....######
######.### #...........
####..### #..........#
........# ##..........#
......YY####............
......)@...#.#...#.>....
........##..............
........####.#..........
........# #......).....
######.## ##.####......
#. #..# ####.## #. ##.#
#... #. #.# #### #.####


You could see 2 death yaks.

Vanquished Creatures
  Harold (D:8)
  Erolcha (D:10)
  3 two-headed ogres
  The ghost of motoroller71 the Blocker, a novice GnFi of Makhleb (D:7)
  A death yak (D:10)
  Nergalle (D:10)
  The ghost of marsu the Summoner, a novice TeSu of Okawaru (D:9)
  A troll (D:9)
  3 hornets
  2 hippogriffs
  Prince Ribbit (D:5)
  Sigmund (D:5)
  4 yaks (D:9)
  A vampire (D:10)
  A hungry ghost (D:8)
  Menkaure (D:5)
  A soldier ant (D:9)
  A black bear (D:7)
  3 orc warriors
  4 ice beasts
  4 ogres
  3 sky beasts
  4 phantoms
  3 centaurs
  2 crocodiles
  A big kobold (D:7)
  4 bullfrogs
  A wyvern skeleton (D:6)
  A scorpion (D:10)
  4 killer bees (D:9)
  4 howler monkeys
  4 crimson imps
  A bullfrog zombie (D:8)
  A quasit (D:9)
  5 hounds
  3 orc priests
  4 gnoll shamans
  A jelly (D:8)
  5 orc wizards
  3 bullfrog skeletons
  An iguana (D:8)
  A hell rat (D:10)
  6 worker ants
  A howler monkey skeleton (D:6)
  44 gnolls
  9 adders
  2 river rats (D:10)
  3 shadow imps
  An ooze (D:2)
  An adder zombie (D:5)
  5 worms
  2 dart slugs
  4 leopard geckos
  36 orcs
  5 giant cockroaches
  9 goblins
  4 hobgoblins
  22 jackals
  6 quokkas
  3 bats
  6 frilled lizards
  14 kobolds
  A leopard gecko zombie (D:7)
  12 rats
289 creatures vanquished.

Vanquished Creatures (others)
  A ghoul (D:1)
  A draconian (D:1)
  An octopode (D:1)
  2 vine stalkers (D:1)
  2 trolls (D:1)
  2 formicids (D:1)
  A spriggan (D:1)
  A human (D:1)
  A dwarf (D:1)
  A centaur (D:1)
  2 orcs (D:1)
  8 tentacles (D:1)
23 creatures vanquished.

Grand Total: 312 creatures vanquished

Notes
Turn   | Place    | Note
-------+----------+-------------------------------------------
     0 | D:1      | Mirvelgyr the Minotaur Berserker began the quest for the Orb.
     0 | D:1      | Reached XP level 1. HP: 19/19 MP: 0/0
     2 | D:1      | Noticed a ghoul
     2 | D:1      | Noticed a formicid
     2 | D:1      | Noticed a troll
     2 | D:1      | Noticed a dwarf
     2 | D:1      | Noticed a vine stalker
     2 | D:1      | Noticed a spriggan
     2 | D:1      | Noticed a kraken
     2 | D:1      | Noticed an octopode
     2 | D:1      | Noticed a centaur
     2 | D:1      | Noticed a human
     2 | D:1      | Noticed a troll
     2 | D:1      | Noticed a vine stalker
     2 | D:1      | Noticed a formicid
     2 | D:1      | Noticed a draconian
     7 | D:1      | Killed a vine stalker
     7 | D:1      | Killed a formicid
     8 | D:1      | Killed a troll
    10 | D:1      | Killed an octopode
    10 | D:1      | Killed a dwarf
    11 | D:1      | Killed a ghoul
    12 | D:1      | Killed a human
    13 | D:1      | Killed a troll
    15 | D:1      | Killed a spriggan
    15 | D:1      | Killed a vine stalker
    17 | D:1      | Killed a formicid
    18 | D:1      | Killed a centaur
    23 | D:1      | Killed a draconian
   255 | D:1      | Reached skill level 4 in Axes
   261 | D:1      | Reached XP level 2. HP: 18/27 MP: 1/1
   824 | D:2      | Reached ** piety under Trog
   844 | D:2      | Reached XP level 3. HP: 29/33 MP: 2/2
   954 | D:2      | Gained mutation: You are dopey. (Int -2) [potion of mutation]
   954 | D:2      | Gained mutation: You are weak. (Str -2) [potion of mutation]
   954 | D:2      | Gained mutation: Scrolls take you a little longer to read. [potion of mutation]
   954 | D:2      | Gained mutation: You are resistant to hostile enchantments. (MR+) [potion of mutation]
   955 | D:2      | Lost mutation: Scrolls take you a little longer to read. [potion of mutation]
   955 | D:2      | Lost mutation: You are resistant to hostile enchantments. (MR+) [potion of mutation]
   955 | D:2      | Lost mutation: You are dopey. (Int -2) [potion of mutation]
   955 | D:2      | Gained mutation: Your magical capacity is low. (-10% MP) [potion of mutation]
   955 | D:2      | Gained mutation: You are partially covered in slimy green scales. (AC +2) [potion of mutation]
  1493 | D:3      | Reached skill level 5 in Axes
  1493 | D:3      | Reached XP level 4. HP: 40/41 MP: 2/2
  1565 | D:3      | Found a faded altar of an unknown god.
  1587 | D:3      | Reached *** piety under Trog
  1617 | D:3      | Reached XP level 5. HP: 44/47 MP: 3/3
  1672 | D:3      | Reached skill level 6 in Axes
  2000 | D:4      | Reached skill level 5 in Fighting
  2105 | D:4      | Reached XP level 6. HP: 46/56 MP: 4/4
  2320 | D:4      | Received a gift from Trog
  2695 | D:4      | Reached skill level 7 in Axes
  2755 | D:4      | Reached skill level 5 in Armour
  2757 | D:4      | Reached XP level 7. HP: 62/62 MP: 5/5
  2796 | D:4      | Reached **** piety under Trog
  2844 | D:4      | Reached skill level 8 in Axes
  3189 | D:4      | Found a snail-covered altar of Cheibriados.
  3563 | D:5      | Entered Level 5 of the Dungeon
  3581 | D:5      | Reached XP level 8. HP: 35/71 MP: 6/6
  3793 | D:5      | Noticed Menkaure
  3801 | D:5      | Killed Menkaure
  3801 | D:5      | Reached skill level 9 in Axes
  4208 | D:5      | Noticed Sigmund
  4214 | D:5      | Killed Sigmund
  4777 | D:5      | Noticed Prince Ribbit
  4796 | D:5      | Reached skill level 10 in Axes
  4825 | D:5      | Killed Prince Ribbit
  5699 | D:6      | Found a glowing golden altar of the Shining One.
  5746 | D:6      | Reached XP level 9. HP: 81/81 MP: 7/7
  6414 | D:7      | Reached ***** piety under Trog
  6485 | D:7      | Found a staircase to the Ecumenical Temple.
  6592 | D:7      | Found Nettor's Jewellery Shop.
  6594 | D:7      | Reached skill level 11 in Axes
  6621 | D:7      | Found a large runed door.
  6621 | D:7      | Noticed motoroller71's ghost (novice GnFi)
  6622 | D:7      | Found a large runed door.
  6649 | D:7      | Got a bound tin ring
  6653 | D:7      | Identified the ring "Nioqagy" {rPois Int+4} (You found it on level 7 of the Dungeon)
  7428 | D:7      | Killed motoroller71's ghost
  7428 | D:7      | Reached skill level 12 in Axes
  7480 | D:8      | Noticed a two-headed ogre
  7484 | D:8      | Reached XP level 10. HP: 89/91 MP: 8/8
  7488 | D:8      | Killed a two-headed ogre
  7736 | D:8      | Noticed Harold
  7757 | D:8      | Killed Harold
  7757 | D:8      | Reached skill level 13 in Axes
  8054 | D:8      | Noticed a two-headed ogre
  8060 | D:8      | Killed a two-headed ogre
  8060 | D:8      | Reached skill level 10 in Fighting
  8191 | D:8      | Reached skill level 10 in Armour
  8726 | D:9      | Reached skill level 14 in Axes
  9142 | D:9      | Noticed a two-headed ogre
  9145 | D:9      | Reached XP level 11. HP: 95/101 MP: 8/8
  9156 | D:9      | Killed a two-headed ogre
  9383 | D:9      | Found Oxyoral's Magic Scroll Shop.
  9392 | D:9      | Bought a scroll of identify for 26 gold pieces
  9392 | D:9      | Bought a scroll of enchant armour for 97 gold pieces
  9392 | D:9      | Bought a scroll of teleportation for 39 gold pieces
  9392 | D:9      | Bought a scroll of fear for 45 gold pieces
  9392 | D:9      | Bought a scroll of enchant weapon for 97 gold pieces
  9392 | D:9      | Bought a scroll of identify for 26 gold pieces
  9392 | D:9      | Bought a scroll of identify for 26 gold pieces
  9392 | D:9      | Bought a scroll of identify for 26 gold pieces
  9392 | D:9      | Bought a scroll of identify for 26 gold pieces
  9707 | D:9      | Found a runed door.
  9707 | D:9      | Noticed marsu's ghost (novice TeSu)
  9816 | D:9      | Killed marsu's ghost
  9816 | D:9      | Reached skill level 15 in Axes
  9843 | D:10     | Entered Level 10 of the Dungeon
 10102 | D:10     | Noticed Erolcha
 10109 | D:10     | Killed Erolcha
 10144 | D:10     | Noticed Psyche
 10161 | D:10     | Noticed a death yak
 10162 | D:10     | Noticed a death yak
 10163 | D:10     | Found a staircase to the Lair.
 10167 | D:10     | Noticed a death yak
 10520 | D:10     | Noticed Nergalle
 10527 | D:10     | Noticed a spectral orc warlord
 10534 | D:10     | Killed Nergalle
 10630 | D:10     | Found Mevotsed's Antique Armour Boutique.
 10678 | D:10     | Paralysed by a hornet for 3 turns
 10698 | D:10     | Received a gift from Trog
 11063 | D:10     | Reached skill level 16 in Axes
 11095 | D:10     | Killed a death yak
 11095 | D:10     | HP: 5/153 [death yak (18)]
 11098 | D:10     | Demolished by a death yak

Vault maps used:
D:1:      nicolae_arrival_kraken_aquarium_b, minmay_tetromino_s4
D:2:      serial_bayou_ford_a
D:3:      chequers_ecumenical_altar_simple_redux
D:4:      lemuel_castle_with_subvaults, cheibriados_altar_1
D:5:      first_ration, hangedman_decor_clover_reticule, uniq_menkaure,
          uniq_prince_ribbit1, uniq_sigmund
D:6:      nicolae_overflow_crystal_walls, kennysheep_generic_room_16
D:7:      minmay_temple_entry_glassed_door, serial_shops, shop,
          ebering_ghost_disaster_area
D:8:      uniq_harold
D:9:      serial_shops, shop, gammafunk_ghost_grave, hangedman_pestilent_swarm,
          hex_large
D:10:     dpeg_lair_monsters, serial_shops, kennysheep_little_box, uniq_erolcha,
          uniq_nergalle, uniq_psyche

Skill      XL: |  1  2  3  4  5  6  7  8  9 10 11 |
---------------+----------------------------------+-----
Axes           | 4 5 6 7 8 10 12 14 16 | 16.1
Fighting       | 4 5 6 7 9 10 11 | 11.1
Armour         | 3 4 5 6 7 9 10 | 10.7
Dodging        | |  2.3

Action                   |  1- 3 |  4- 6 |  7- 9 | 10-12 || total
-------------------------+-------+-------+-------+-------++-------
Melee: Hand axe          |   115 |   174 |   188 |       ||   477
       Headbutt          |    16 |    29 |    69 |    72 ||   186
       War axe           |       |       |   166 |   276 ||   442
Invok: Berserk           |       |     2 |     7 |     8 ||    17
       Trog's Hand       |       |     2 |     4 |     9 ||    15
  Use: Scroll            |     6 |     2 |     5 |    12 ||    25
       Potion            |     2 |       |       |     1 ||     3
  Eat: Chunk             |     2 |     5 |    17 |     9 ||    33
       Ration            |       |       |     3 |     3 ||     6
Armor: Ring mail         |    38 |    95 |   104 |       ||   237
       Animal skin       |     3 |       |       |       ||     3
       Chain mail        |       |       |    49 |   142 ||   191
Dodge: Dodged            |    60 |   112 |   170 |    99 ||   441

Table legend:
 A = Spawn XP
 B = Non-spawn XP
 C = Spawn XP percentage of total XP
 D = Spawn monster count
 E = Non-spawn monster count
 F = Spawn count percentage of total count
 G = Total turns spent on level
                    A         B        C        D         E        F      G
               +---------+---------+-------+---------+---------+-------+---------
         Total |       0 |   18267 |   0.0 |       0 |     289 |   0.0 | 11098
               +---------+---------+-------+---------+---------+-------+---------
           D:1 |       0 |      19 |   0.0 |       0 |      15 |   0.0 |   736
           D:2 |       0 |      56 |   0.0 |       0 |      24 |   0.0 |   671
           D:3 |       0 |     238 |   0.0 |       0 |      30 |   0.0 |   570
           D:4 |       0 |    1018 |   0.0 |       0 |      74 |   0.0 |  1586
           D:5 |       0 |    1239 |   0.0 |       0 |      24 |   0.0 |  2036
           D:6 |       0 |     557 |   0.0 |       0 |      15 |   0.0 |   761
           D:7 |       0 |    2363 |   0.0 |       0 |      31 |   0.0 |  1097
           D:8 |       0 |    3809 |   0.0 |       0 |      19 |   0.0 |  1191
           D:9 |       0 |    4582 |   0.0 |       0 |      28 |   0.0 |  1195
          D:10 |       0 |    4386 |   0.0 |       0 |      29 |   0.0 |  1255
               +---------+---------+-------+---------+---------+-------+---------
